 Dungeon Crawl Stone Soup version 0.19-a0-1008-g4c63d25 (webtiles) character file.

529 Leibowitz the Cutter (level 7, 0/41 HPs)
             Began as a Kobold Gladiator on July 23, 2016.
             Slain by lifecoder's ghost (5 damage)
             ... on level 4 of the Dungeon.
             The game lasted 00:15:59 (3063 turns).

Leibowitz the Cutter (Kobold Gladiator)             Turns: 3063, Time: 00:16:00

Health: 0/41       AC:  4    Str: 13    XL:     7   Next: 48%
Magic:  7/7        EV: 18    Int:  6    God:
Gold:   158        SH:  0    Dex: 19    Spells: 1 memorised, 4 levels left

rFire  . . .     SeeInvis .     a - +0 rapier (speed)
rCold  . . .     Gourm    .     b - +0 leather armour
rNeg   . . .     Faith    +     (shield restricted)
rPois  .         Spirit   .     c - +0 helmet
rElec  .         Dismiss  .     (no cloak)
rCorr  .         Reflect  .     (no gloves)
SustAt .         Harm     .     (no boots)
MR     .....                    u - amulet of faith
Stlth  +++.......               (no ring)
                                (no ring)

@: hasted, very quick, not resistant to hostile enchantments, fairly stealthy
A: carnivore 3
a: no special abilities


You were on level 4 of the Dungeon.
You were very full.

You visited 1 branch of the dungeon, and saw 4 of its levels.
You also visited: Sewer.

You collected 158 gold pieces.

Inventory:

Hand Weapons
 a - a +0 rapier of speed (weapon)
 y - a +0 rapier
Missiles
 d - a throwing net (quivered)
Armour
 b - a +0 leather armour (worn)
 c - a +0 helmet (worn)
Jewellery
 u - an amulet of faith (around neck)
Scrolls
 e - 2 scrolls of blinking {unknown}
 j - 5 scrolls of identify {unknown}
 m - 2 scrolls of amnesia {unknown}
 o - a scroll of magic mapping {unknown}
 q - 5 scrolls of teleportation
Potions
 g - a potion of mutation {unknown}
 h - 2 potions of lignification {unknown}
 i - 2 potions of haste
 k - a potion of invisibility {unknown}
 l - 2 potions of curing {unknown}
 n - a potion of might {unknown}
 p - 2 potions of agility {unknown}
 r - a potion of cure mutation {unknown}
 s - a potion of magic {unknown}
 v - 3 potions of flight
Books
 x - a book of Alchemy

   Spells                             Type                      Level
   a - Sublimation of Blood           Necromancy                   2
   b - Ignite Poison                  Fire/Transmutation/Poison    3
   c - Petrify                        Transmutation/Earth          4
   d - Alistair's Intoxication        Transmutation/Poison         5
   e - Irradiate                      Conjuration/Transmutation    5
Comestibles
 f - a meat ration
 t - a beef jerky


   Skills:
 * Level 3.6 Fighting
 * Level 5.8 Short Blades
 + Level 2.5 Throwing
 * Level 1.8 Armour
 * Level 5.8 Dodging
 * Level 5.2 Stealth


You had 4 spell levels left.
You knew the following spells:

 Your Spells              Type           Power        Failure   Level  Hunger
a - Sublimation of Blood  Necr           #.........   87%         2    ###....


Dungeon Overview and Level Annotations

Branches:
Dungeon (4/15)
 Temple: D:4-7

Altars:

Annotations:
D:4 lifecoder's ghost, amateur DsGl


Innate Abilities, Weirdness & Mutations

You are small and have problems with some larger weapons.
You are carnivorous and can eat meat at any time.


Message History

You hit lifecoder's ghost but do no damage.
Lifecoder's ghost is moderately damaged.
Lifecoder's ghost misses you.
You hit lifecoder's ghost.
Lifecoder's ghost is heavily damaged.
You barely miss lifecoder's ghost.
Lifecoder's ghost is heavily damaged.
Lifecoder's ghost closely misses you.
You barely miss lifecoder's ghost.
Lifecoder's ghost is heavily damaged.
Lifecoder's ghost hits you.
You hit lifecoder's ghost.
Lifecoder's ghost is heavily damaged.
You hit lifecoder's ghost.
Lifecoder's ghost is heavily damaged.
Lifecoder's ghost hits you!
* * * LOW HITPOINT WARNING * * *
It was a potion of haste.
You feel yourself speed up. Lifecoder's ghost hits you.
You die...

#..... #>..... ###########
....... #.........#
#####..?...!
#.......#.###...........
#..>....................
#........#######........
#####........#≈≈≈≈≈#........
............$#≈≈@W≈'........
.####........#≈≈≈≈≈#..?.....
.....###..#..#######........
#.##........................
..........##..#####...?....
....##...####..# #.......)
.......#.####..## #.#.....Z
..#####<....##...###.##....
####.....#...#.#


You could see lifecoder's ghost.

Vanquished Creatures
  Grinder (D:3)
  A hound (D:4)
  A giant frog skeleton (D:4)
  2 sirens (Sewer)
  A merfolk avatar (Sewer)
  7 adders
  A river rat (Sewer)
  2 oozes (D:1)
  4 dart slugs
  6 giant geckos
  An orc (D:3)
  9 bats
  6 giant cockroaches
  11 goblins
  6 hobgoblins
  10 kobolds
  2 quokkas (D:2)
  4 ball pythons
  7 giant newts
  A jackal skeleton (D:4)
  30 rats
113 creatures vanquished.

Notes
Turn   | Place    | Note
-------+----------+-------------------------------------------
     0 | D:1      | Leibowitz the Kobold Gladiator began the quest for the Orb.
     0 | D:1      | Reached XP level 1. HP: 12/12 MP: 1/1
    80 | D:1      | Reached XP level 2. HP: 18/18 MP: 2/2
   161 | D:1      | Reached XP level 3. HP: 14/22 MP: 3/3
   196 | D:1      | Reached skill level 1 in Stealth
   848 | D:2      | Reached skill level 1 in Armour
   848 | D:2      | Reached XP level 4. HP: 26/27 MP: 4/4
  1468 | D:3      | Noticed Grinder
  1473 | D:3      | Paralysed by Grinder for 4 turns
  1484 | D:3      | Paralysed by Grinder for 3 turns
  1506 | D:3      | Killed Grinder
  1506 | D:3      | Reached skill level 5 in Short Blades
  1506 | D:3      | Reached skill level 5 in Dodging
  1506 | D:3      | Reached XP level 5. HP: 9/32 MP: 5/5
  1506 | D:3      | Reached XP level 6. HP: 10/37 MP: 6/6
  2097 | D:4      | Found a glowing drain.
  2120 | D:4      | Reached XP level 7. HP: 37/41 MP: 7/7
  2255 | D:4      | Noticed lifecoder's ghost (amateur DsGl)
  2273 | Sewer    | Entered a sewer
  2561 | Sewer    | Reached skill level 5 in Stealth
  2857 | Sewer    | Learned a level 2 spell: Sublimation of Blood
  3063 | D:4      | Slain by lifecoder's ghost

Vault maps used:
D:1:      erik_arrival_gehennom
D:3:      minmay_fountain_box, uniq_grinder
D:4:      overflow_temple_1_default, gup_sewer_entry_glass, first_bread
Sewer:    sewer_sea

Skill      XL: |  1  2  3  4  5  6  7 |
---------------+----------------------+-----
Dodging        | 4 5 |  5.8
Stealth        | 1 3 4 5 |  5.2
Armour         | 1 |  1.8
Fighting       | 3 |  3.6
Short Blades   | 5 |  5.8
Throwing       | |  2.5

Action                   |  1- 3 |  4- 6 |  7- 9 || total
-------------------------+-------+-------+-------++-------
Melee: Rapier            |    81 |   123 |   163 ||   367
Throw: Throwing net      |     2 |     4 |     2 ||     8
  Use: Potion            |       |       |     2 ||     2
 Stab: Sleeping          |     3 |    11 |     5 ||    19
       Held in net/web   |     1 |     2 |       ||     3
  Eat: Chunk             |     8 |     3 |     4 ||    15
Armor: Leather armour    |     8 |    14 |    26 ||    48
Dodge: Dodged            |    57 |    85 |   109 ||   251
